 Dungeon Crawl Stone Soup version 0.20.1-1-g8b1a95d (webtiles) character file.

49 JackS81 the Changer (level 3, 0/31 HPs)
             Began as a Naga Transmuter on Aug 19, 2017.
             Killed from afar by Sigmund (11 damage)
             ... with a puff of flame
             ... on level 2 of the Dungeon.
             The game lasted 00:09:12 (1051 turns).

JackS81 the Changer (Naga Transmuter)               Turns: 1051, Time: 00:09:12

Health: 0/31       AC:  2    Str: 12    XL:     3   Next: 75%
Magic:  2/6        EV: 25    Int: 14    God:
Gold:   64         SH:  0    Dex: 16    Spells: 2/6 levels left

rFire    . . .     SeeInvis +     - Unarmed
rCold    . . .     Gourm    .   (shield currently unavailable)
rNeg     . . .     Faith    .   (armour currently unavailable)
rPois    x         Spirit   .   (helmet currently unavailable)
rElec    .         Reflect  .   (cloak currently unavailable)
rCorr    .         Harm     .   (gloves currently unavailable)
MR       .....                  (no barding)
Stlth    +.........             (no amulet)
Regen    0.1/turn               g - +6 ring of evasion
MPRegen  0.1/turn               (no ring)

@: spider-form (expiring), very slightly contaminated
A: see invisible, slow metabolism 1, spit poison 1, AC +1
a: Spit Poison, End Transformation


You were on level 2 of the Dungeon.
You were not hungry.
You were a venomous arachnid creature.
You visited 1 branch of the dungeon, and saw 2 of its levels.

You collected 64 gold pieces.

Inventory:

Missiles
 a - 12 arrows
 e - 33 stones (quivered)
 k - 2 throwing nets
Armour
 b - a +0 robe (melded)
Jewellery
 g - a +6 ring of evasion (left front leg)
Scrolls
 f - a scroll of teleportation {unknown}
 m - a scroll of identify {unknown}
Potions
 i - 3 potions of haste {unknown}
 l - a potion of heal wounds {unknown}
 n - a potion of curing {unknown}
Books
 c - a book of Changes

   Spells                             Type                      Level
   a - Beastly Appendage              Transmutation                1
   b - Sticks to Snakes               Transmutation                2
   c - Spider Form                    Transmutation/Poison         3
   d - Ice Form                       Ice/Transmutation            4
   e - Blade Hands                    Transmutation                5
Comestibles
 d - a bread ration
 h - 8 chunks of flesh
 j - a royal jelly


   Skills:
 - Level 1.0 Fighting
 - Level 1.5 Dodging
 - Level 3.0 Unarmed Combat
 - Level 2.0 Spellcasting
 + Level 3.9 Transmutations
 + Level 0.3 Poison Magic


You had 2 spell levels left.
You knew the following spells:

 Your Spells              Type           Power        Failure   Level  Hunger
a - Beastly Appendage     Tmut           ##....       14%         1    ##.....
b - Spider Form           Tmut/Pois      #.........   52%         3    ####...


Dungeon Overview and Level Annotations

Branches:
Dungeon (2/15)

Altars:

Annotations:
D:2 Sigmund


Innate Abilities, Weirdness & Mutations

You cannot wear boots.
((Your serpentine skin is tough. (AC +1)))
You have supernaturally acute eyesight. (SInv)
((Armour fits poorly on your strangely shaped body.))
((Your system is resistant to poisons. (rPois)))
((You cover ground very slowly.))
You have a slow metabolism.
You can spit poison.


Message History

Your transformation is almost over.
h - 8 chunks of flesh (gained 3)
Your horns disappear.
Sigmund the Dreaded comes into view.
He is wielding a scythe.
Sigmund is too close now for your liking.
Sigmund casts a spell.
Sigmund flickers and vanishes for a moment.
Sigmund points at you and mumbles some strange words.
The puff of flame hits you!
Found 17 stones.
Casting: Beastly Appendage
Confirm with . or Enter, or press ? or * to list all spells.
You turn into a venomous arachnid creature.
Your +0 robe melds into your body.
Sigmund misses you.
Your transformation is almost over.
Sigmund casts a spell at you. You resist with some effort.
Sigmund gestures at you while chanting. The puff of flame hits you!
You die...

#.#.##.##
#.###.#..##.... .#
....##.# #.# #.#..#
... .# .......# #.#
#.#..####.###.# #
....)###
#.###.#...........#.#
#.#..##
#.#......####.#...#.#
#..÷..#
#.#.###..####.#.#...##
#.#...# ..
#..@...........#
#.#.<.#
#.###..##.#.##.##..#
......#
#..s...##.#.##.##..#
###÷#.#
###.##.##.#.........
#.#.#
#..........#.##..#
#...# ####.##.#......
(. #.###
#.##.####.##..# #.#
#.#... #.. .. #.#
#..... .... . #.# ..
.###+ #.# .


You could see Sigmund (invisible).

Vanquished Creatures
  An adder (D:2)
  A dart slug (D:1)
  2 leopard geckos (D:1)
  2 giant cockroaches (D:2)
  6 goblins
  4 hobgoblins
  2 jackals (D:1)
  5 bats
  2 frilled lizards (D:1)
  2 kobolds (D:1)
  8 rats
35 creatures vanquished.

Vanquished Creatures (others)
  5 toadstools (D:1)
5 creatures vanquished.

Grand Total: 40 creatures vanquished

Notes
Turn   | Place    | Note
-------+----------+-------------------------------------------
     0 | D:1      | JackS81 the Naga Transmuter began the quest for the Orb.
     0 | D:1      | Reached XP level 1. HP: 18/18 MP: 3/3
   242 | D:1      | Reached XP level 2. HP: 22/25 MP: 3/5
   601 | D:1      | Reached XP level 3. HP: 20/31 MP: 6/6
   855 | D:2      | Learned a level 3 spell: Spider Form
  1032 | D:2      | Noticed Sigmund
  1051 | D:2      | Killed from afar by Sigmund

Skill      XL: |  1  2 |
---------------+-------+-----
Transmutations | 3 |  3.9
Fighting       | |  1.0
Dodging        | |  1.5
Unarmed Combat | |  3.0
Spellcasting   | |  2.0
Poison Magic   | |  0.3

Action                   || total
-------------------------++-------
Melee: Unarmed           ||   122
       Headbutt          ||     6
       Punch             ||     1
 Cast: Beastly Appendage ||    16
       Spider Form       ||     3
 Stab: Sleeping          ||     1
  Eat: Chunk             ||     1
Armor: Robe              ||    12
Dodge: Dodged            ||    97
